 Dungeon Sprint DCSS version 0.26-a0-850-g97a50ab700 (webtiles) character file.

Game seed: 15056987549616893397

3244 sahdkjhfkaj the Cleaver (level 9, -1/63 HPs)
             Began as a Deep Elf Abyssal Knight on Nov 20, 2020.
             Was the Champion of Lugonu.
             Slain by a starcursed mass (6 damage)
             ... in the Dungeon (Sprint V: "Ziggurat Sprint").
             The game lasted 00:02:59 (1392 turns).

sahdkjhfkaj the Cleaver (Deep Elf Abyssal Knight)   Turns: 1392, Time: 00:02:59

Health: -1/63      AC: 20    Str: 24      XL:     9   Next: 67%
Magic:  18/18      EV:  8    Int: 18      God:    Lugonu [******]
Gold:   0          SH:  0    Dex: 13 (14) Spells: 8/8 levels left

rFire    + . .     SeeInvis .   a - +7 executioner's axe (distort)
rCold    + . .     Faith    .   (shield currently unavailable)
rNeg     . . .     Spirit   .   b - +5 gold dragon scales
rPois    +         Reflect  .   (no helmet)
rElec    .         Harm     .   (no cloak)
rCorr    .         Rampage  .   (no gloves)
MR       .....     NoTele   +   (no boots)
Stlth    ..........             (no amulet)
HPRegen  0.20/turn              x - +6 ring of strength
MPRegen  0.16/turn              y - +6 ring of strength

@: no status effects
A: no striking features
a: Bend Space, Banish, Corrupt, Renounce Religion


You were in the Dungeon.
You worshipped Lugonu.
Lugonu was exalted by your worship.
You visited 1 branch

Inventory:

Hand Weapons
 a - a +7 executioner's axe of distortion (weapon)
Armour
 b - +5 gold dragon scales (worn)
Jewellery
 s - an uncursed ring of flight
 t - a +6 ring of dexterity
 u - a +6 ring of dexterity
 v - a +6 ring of intelligence
 w - a +6 ring of intelligence
 x - a +6 ring of strength (left hand)
 y - a +6 ring of strength (right hand)
Wands
 z - a wand of disintegration (7)
 A - a wand of iceblast (7)
 B - a wand of acid (7)
Scrolls
 h - 3 scrolls of blinking {!r}
 l - 4 scrolls of amnesia {!r}
 n - 7 scrolls of fog {!r}
 o - a scroll of holy word {!r}
 p - 5 scrolls of identify {!r}
 q - 5 scrolls of remove curse {!r}
 r - 2 scrolls of fear {!r}
Potions
 c - 9 potions of curing {!q}
 d - 9 potions of heal wounds {!q}
 e - 5 potions of haste {!q}
 f - 7 potions of magic {!q}
 g - a potion of berserk rage {!q}
 i - 2 potions of brilliance {!q}
 j - a potion of invisibility {!q}
 k - 3 potions of resistance {!q}
 m - 4 potions of might {!q}
Miscellaneous
 C - a lightning rod (4/4)
 D - a box of beasts


   Skills:
 - Level 10.9 Fighting
 - Level 10.9 Axes
 + Level 6.3 Armour
 + Level 9.4 Dodging
 - Level 10.0 Invocations


You had 8 spell levels left.
You didn't know any spells.
Your spell library was empty.

Dungeon Overview and Level Annotations

Branches:
Dungeon (1/1)

Altars:
Ashenzari
Cheibriados
Dithmenos
Elyvilon
Fedhas
Gozag
Hepliaklqana
Kikubaaqudgha
Makhleb
Nemelex Xobeh
Okawaru
Qazlal
Ru
Sif Muna
Trog
Uskayaw
Vehumet
Wu Jian
Xom
Yredelemnul
Zin
The Shining One
Beogh
Jiyva
Lugonu


Message History

A starcursed mass splits.
A deafening chorus of shrieks assaults your mind!
* * * LOW HITPOINT WARNING * * *
A starcursed mass splits.
The iron imp spits at you.
A starcursed mass splits.
Unknown command.
Really read
h - 4 scrolls of blinking {!r}?
Press: ? - help, Dir - move target cursor
As you read the scroll of blinking {!r}, it crumbles to dust.
Unknown command.
Welcome to arena 9.
You enter the transporter and appear at another place. 2 wolves, 2 black bears and 4 spriggans come into view.
The black bear growls angrily.
The wolf howls!
The spriggan rider shouts!
The spriggan druid shouts!
The black bear growls angrily.
The spriggan shouts!
The starcursed mass engulfs you.
* * * LOW HITPOINT WARNING * * *
The starcursed mass engulfs you.
You die...

▓..8©8..▓
▓..=:})[..▓..:}=..▓
▓..h[hii..▓..):)..▓
▓..i.h.h..▓.......▓
▓...i.....▓.......▓
▓.........▓.......▓
▓.........▓.......▓
▓....X....▓.▓...▓.▓
▓...X@....▓...©...▓
▓▓▓▓▓▓▓▓▓▓▓▓▓▓▓▓▓▓▓


You could see 2 starcursed masses, a spriggan rider, a spriggan druid, 2 black
bears, 2 spriggans and 2 wolves.

Vanquished Creatures
  3 ugly things (D)
  A wolf spider (D)
  A queen bee (shapeshifter) (D)
  A jumping spider (D)
  A tarantella (D)
  A steam dragon (D)
  An ice beast (D)
  A swamp drake (D)
  A phantom (D)
  3 wolves (D)
  A necrophage (D)
  An eye of draining (D)
  3 scorpions (D)
  2 crimson imps (D)
  A quasit (D)
  2 iron imps (D)
  An iguana (D)
  A shadow imp (D)
  An ufetubus (D)
  An adder zombie (D)
  A jackal (D)
  A giant cockroach zombie (D)
  A leopard gecko zombie (D)
31 creatures vanquished.

Notes
Turn   | Place    | Note
-------+----------+-------------------------------------------
     0 | D        | sahdkjhfkaj the Deep Elf Abyssal Knight began the quest for
                  | the Orb.
     0 | D        | Reached XP level 1. HP: 13/13 MP: 4/4
     0 | D        | Found a shimmering blue altar of Sif Muna.
     0 | D        | Found a sacrificial altar of Ru.
     0 | D        | Found a bloodstained altar of Trog.
     0 | D        | Found a stormy altar of Qazlal.
     0 | D        | Found an iron altar of Okawaru.
     0 | D        | Found a sparkling altar of Nemelex Xobeh.
     0 | D        | Found a blossoming altar of Fedhas.
     1 | D        | Found the +6 Majin-Bo {vamp, MP+6 Int+6}
     1 | D        | Found the +9 heavy crossbow "Sniper" {vorpal, Acc+∞ SInv}
     1 | D        | Found the +10 dark maul {vorpal}
     1 | D        | Found the +15 Maxwell's patent armour {-Cast -Tele rElec
                  | MR+ rCorr}
     1 | D        | Found the +18 shield of the Gong {rElec rN+ MR+ EV-5}
     1 | D        | Found the cursed +14 obsidian axe {vorpal, +Fly SInv
                  | *Curse}
     1 | D        | Found the +7 great mace "Firestarter" {inner flame, rF++}
     1 | D        | Found the +6 shillelagh "Devastator" {shatter}
     1 | D        | Found the +11 plutonium sword {*Contam Stlth-}
     1 | D        | Found the +8 lance "Wyrmbane" {slay drac, rPois rF+ rC+
                  | AC+3}
     1 | D        | Found the +9 sword of Zonguldrok {reap}
     1 | D        | Found the cursed +13 scythe of Curses {drain, *Curse}
     1 | D        | Found the +0 sword of Power
     1 | D        | Found the +7 mace of Variability {chain chaos}
     1 | D        | Found the +7 Singing Sword {vorpal, sonic wave}
     1 | D        | Found the +8 storm bow {elec, penet}
     2 | D        | Reached XP level 2. HP: 18/18 MP: 5/5
     3 | D        | Found a transporter.
     3 | D        | Found an ancient bone altar of Kikubaaqudgha.
     3 | D        | Found a viscous altar of Jiyva.
     3 | D        | Found a corrupted altar of Lugonu.
     3 | D        | Found a hazy altar of Hepliaklqana.
     3 | D        | Found a burning altar of Makhleb.
     3 | D        | Found an opulent altar of Gozag.
    94 | D        | Entered arena 2.
    94 | D        | Noticed a swamp drake
    94 | D        | Noticed a steam dragon
    94 | D        | Found a transporter.
   100 | D        | Killed a steam dragon
   101 | D        | Reached XP level 3. HP: 7/22 MP: 6/6
   101 | D        | Reached XP level 4. HP: 8/27 MP: 7/7
   102 | D        | Killed a swamp drake
   102 | D        | Reached ** piety under Lugonu
   103 | D        | Reached skill level 10 in Axes
   103 | D        | Reached XP level 5. HP: 10/31 MP: 8/8
   324 | D        | Entered arena 3.
   324 | D        | Found a transporter.
   391 | D        | Entered arena 4.
   391 | D        | Noticed a necrophage
   391 | D        | Noticed a phantom
   391 | D        | Found a transporter.
   394 | D        | Reached *** piety under Lugonu
   398 | D        | Killed a necrophage
   399 | D        | Reached skill level 5 in Fighting
   399 | D        | Reached XP level 6. HP: 23/40 MP: 9/9
   449 | D        | Entered arena 5.
   449 | D        | Noticed a cyan ugly thing
   449 | D        | Noticed a red ugly thing
   449 | D        | Noticed a red ugly thing
   449 | D        | Noticed a fire bat
   449 | D        | a scorpion changed into a fire bat
   449 | D        | Found a transporter.
   456 | D        | Noticed a queen bee
   456 | D        | a fire bat changed into a queen bee
   457 | D        | Killed a cyan ugly thing
   457 | D        | Reached **** piety under Lugonu
   458 | D        | Reached XP level 7. HP: 52/52 MP: 10/10
   459 | D        | Killed a cyan ugly thing
   460 | D        | Reached skill level 10 in Fighting
   460 | D        | Reached XP level 8. HP: 17/59 MP: 11/11
   461 | D        | Killed a queen bee
   462 | D        | Reached skill level 5 in Dodging
   463 | D        | Killed a cyan ugly thing
   464 | D        | Reached skill level 5 in Armour
   909 | D        | Got the ring "Uzu Herehun" {Str+5 Stlth+}
   913 | D        | Entered arena 6.
   913 | D        | Found a transporter.
   917 | D        | Reached ***** piety under Lugonu
   918 | D        | Reached XP level 9. HP: 52/63 MP: 12/12
   984 | D        | Entered arena 7.
   985 | D        | Found the +10 tower shield of Ignorance {rN+ Int-4}
   985 | D        | Found a transporter.
   995 | D        | Reached skill level 5 in Invocations
  1098 | D        | Entered arena 8.
  1098 | D        | Noticed a wolf spider
  1098 | D        | Noticed a jumping spider
  1099 | D        | Found a transporter.
  1102 | D        | Reached ****** piety under Lugonu
  1108 | D        | Killed a jumping spider
  1109 | D        | Killed a wolf spider
  1110 | D        | Reached skill level 10 in Invocations
  1378 | D        | Identified a +7 executioner's axe of distortion (a +5
                  | executioner's axe corrupted by Lugonu)
  1378 | D        | Received a gift from Lugonu
  1384 | D        | Entered arena 9.
  1384 | D        | Noticed a starcursed mass
  1384 | D        | Noticed a large abomination
  1385 | D        | Found a transporter.
  1392 | D        | Entered arena 10.
  1392 | D        | Noticed a spriggan rider
  1392 | D        | Noticed a spriggan druid
  1392 | D        | Slain by a starcursed mass

Illustrated notes

Levels and vault maps discovered:
D:        sprint_v [room_start, room_1, room_2, room_3, room_4, room_5, room_6,
          room_7, room_8, room_9, room_10, room_11, room_12, room_13, room_14,
          room_15, room_16, room_17, room_18, room_19, room_20, room_21,
          room_22, room_23, room_24, room_25, room_26, room_27]

Skill      XL: |  1  2  3  4  5  6  7  8  9 |
---------------+----------------------------+-----
Axes           | 6 9 10 | 10.9
Fighting       | 5 9 10 | 10.9
Armour         | 2 5 6 |  6.3
Dodging        | 3 8 9 |  9.4
Invocations    | 10 | 10.0

Action                   |  1- 3 |  4- 6 |  7- 9 || total
-------------------------+-------+-------+-------++-------
Melee: Executioner's axe |     4 |    27 |    29 ||    60
Invok: Brand Weapon With |       |       |     1 ||     1
  Use: Potion            |     5 |     2 |     2 ||     9
       Scroll            |       |       |     1 ||     1
 Stab: Invisible         |       |     1 |       ||     1
Armor: Gold dragon scale |     4 |    38 |    87 ||   129
Dodge: Dodged            |     1 |     8 |    46 ||    55

Table legend: (Time is in decaauts)
 A = Elapsed time spent in this place.
 B = Non-inter-level travel time spent in this place.
 C = Inter-level travel time spent in this place.
 D = Time resting spent in this place.
 E = Time spent auto-exploring this place.
 F = Levels seen in this place.
 G = Mean time per level.
                   A        B        C        D        E       F      G
               +--------+--------+--------+--------+--------+-----+--------+
         Total |   1409 |   1409 |      0 |   1162 |     21 |   1 | 1409.0 |
       Dungeon |   1409 |   1409 |      0 |   1162 |     21 |   1 | 1409.0 |
               +--------+--------+--------+--------+--------+-----+--------+

Top non-repeatable levels by time:
       D: 1409 daAuts
